 Seeded DCSS version 0.29-a0-542-g075992c (webtiles) character file.

Game seed: 4758144504240008875 (custom seed)

34 Blightor the Shooter (level 3, -2/35 HPs)
             Began as a Troll Hunter on June 4, 2022.
             Was a Follower of Trog.
             Slain by Jessica
             ... wielding a +0 dagger
              (4 damage)
             ... on level 2 of the Dungeon.
             The game lasted 00:05:08 (1099 turns).

Blightor the Shooter (Troll Hunter)                 Turns: 1099, Time: 00:05:09

Health: -2/35      AC:  4    Str: 21    XL:     3   Next: 14%
Magic:  2/2        EV: 10    Int:  5    God:    Trog [*.....]
Gold:   50         SH:  0    Dex: 13    Spells: 2/2 levels left

rFire   . . .      SeeInvis .   d - +0 mace (protect)
rCold   . . .      Faith    .   (no shield)
rNeg    . . .      Spirit   .   b - +0 robe
rPois   .          Reflect  .   (helmet restricted)
rElec   .          Harm     .   (no cloak)
rCorr   .          Rampage  .   (gloves unavailable)
Will    .....                   (boots unavailable)
Stlth   +.........              (no amulet)
HPRegen 0.91/turn               (no ring)
MPRegen 0.08/turn               (no ring)

@: mighty
A: large, unfitting armour, claws 3, regeneration 1, shaggy fur 1, tough skin 1
a: Renounce Religion, Berserk


You were on level 2 of the Dungeon.
You worshipped Trog.
Trog was aware of your devotion.
You visited 1 branch of the dungeon, and saw 2 of its levels.

You collected 50 gold pieces.

Inventory:

Hand Weapons
 a - a +1 shortbow
 d - a +0 mace of protection (weapon)
Armour
 b - a +0 robe (worn)
 i - a +0 buckler
Scrolls
 c - 2 scrolls of immolation
 e - a scroll of blinking {unknown}
 f - a scroll of amnesia {unknown}
 h - a scroll of enchant weapon {unknown}
 k - 2 scrolls of vulnerability {unknown}
 l - a scroll of torment {unknown}
Potions
 m - a potion of flight {unknown}
 n - a potion of degeneration {unknown}


   Skills:
 + Level 1.9 Fighting
 * Level 1.2 Maces & Flails
 - Level 2.6 Bows
 * Level 1.1 Armour
 + Level 1.9 Dodging
 + Level 0.3 Stealth


You had 2 spell levels left.
You didn't know any spells.
Your spell library contained the following spells:

 Spells                   Type           Power      Damage    Failure   Level
 Apportation              Tloc           0%         N/A       47%         1
 Necrotize                Necr           0%         1d4       47%         1
 Summon Small Mammal      Summ           0%         N/A       47%         1


Dungeon Overview and Level Annotations

Branches:
Dungeon (2/15)

Altars:
Trog

Annotations:
D:2 Jessica, Robin


Innate Abilities, Weirdness & Mutations

You are too large for most types of armour.
You have claws for hands.
Your natural rate of healing is unusually fast.
You are covered in fur. (AC +1)
You have tough skin. (AC +1)


Message History

Trog accepts your kill.
A hobgoblin comes into view.
The goblin hits you but does no damage. x3; The goblin closely misses you.
The goblin hits you but does no damage.
You miss the goblin. The goblin hits you with a +0 dagger.
The goblin closely misses you. The goblin hits you but does no damage.
You closely miss the goblin.
The hobgoblin shouts!
The goblin barely misses you. The goblin closely misses you.
The goblin hits you with a +0 dagger.
You sock the goblin!
Your weapon exudes an aura of protection.
You kill the goblin!
Trog accepts your kill. The goblin closely misses you.
The goblin barely misses you. The goblin hits you with a +0 dagger.
The goblin hits you with a +0 club. The goblin barely misses you.
The goblin attacks as you move away! The goblin hits you but does no damage.
The goblin attacks as you move away! The goblin hits you with a +0 dagger.
Jessica the Apprentice Sorceress comes into view.
She is wielding a +0 dagger.
You closely miss the goblin. You closely miss the goblin.
The goblin no longer looks unusually strong.
The goblin hits you with a +0 dagger. x2; The goblin hits you with a +0 club.
Jessica says, "I'm really upset."
The goblin hits you with a +0 club.
* * * LOW HITPOINT WARNING * * *
The goblin hits you with a +0 dagger.
* * * LOW HITPOINT WARNING * * *
The goblin hits you but does no damage.
It was a potion of might.
You feel very mighty all of a sudden.
The goblin no longer looks unusually strong.
The goblin hits you with a +0 dagger.
* * * LOW HITPOINT WARNING * * *
The goblin closely misses you. x2
It was a potion of magic.
Magic courses through your body. The goblin barely misses you.
The goblin hits you but does no damage. Jessica hits you with a +0 dagger.
You die...

###.#.###
#...#.#
..#####.#.#.#
...gg.g.....#
....g.gg..###
#######g#.#####
#g#g....#
#g#g....#
#g@@....#
###......#
#......#
###..... ###..
#


You could see Robin, Jessica, 2 hobgoblins and 6 goblins.

Vanquished Creatures
  A bat (D:1)
  2 endoplasms
  2 giant cockroaches (D:1)
  6 goblins
  2 hobgoblins
  4 jackals
  2 kobolds
  A quokka (D:2)
  5 frilled lizards
  6 rats
31 creatures vanquished.

Notes
Turn   | Place    | Note
-------+----------+-------------------------------------------
     0 | D:1      | Blightor the Troll Hunter began the quest for the Orb.
     0 | D:1      | Reached XP level 1. HP: 19/19 MP: 0/0
   260 | D:1      | Reached XP level 2. HP: 27/27 MP: 1/1
   363 | D:1      | Found a faded altar of an unknown god.
   378 | D:1      | Prayed at the altar of an unknown god.
   378 | D:1      | Became a worshipper of Trog the Wrathful
   378 | D:1      | Reached * piety under Trog
   930 | D:2      | Reached skill level 1 in Armour
   939 | D:2      | Reached skill level 1 in Maces & Flails
  1004 | D:2      | Reached XP level 3. HP: 35/35 MP: 2/2
  1084 | D:2      | Noticed Robin
  1094 | D:2      | Noticed Jessica
  1098 | D:2      | HP: 1/35 [goblin/+0 dagger[Robin] (1)]
  1099 | D:2      | Slain by Jessica

Illustrated notes

Levels and vault maps discovered:
D:1:      dpeg_arrival_pits, layout_basic, hellmonk_ecumenical_altar_blasted,
          amcnicky_mini_rare_corridor_liquid
D:2:      layout_loops_ring, uniq_robin, uniq_jessica

Skill      XL: |  1  2 |
---------------+-------+-----
Armour         | 1 |  1.1
Maces & Flails | 1 |  1.2
Fighting       | |  1.9
Bows           | |  2.6
Dodging        | |  1.9
Stealth        | |  0.3

Action                   || total
-------------------------++-------
Melee: Mace              ||    94
       Punch             ||     1
  Use: Potion            ||     2
Armor: Robe              ||    64
Dodge: Dodged            ||    76

Table legend: (Time is in decaauts)
 A = Elapsed time spent in this place.
 B = Non-inter-level travel time spent in this place.
 C = Inter-level travel time spent in this place.
 D = Time resting spent in this place.
 E = Time spent auto-exploring this place.
 F = Levels seen in this place.
 G = Mean time per level.
                   A        B        C        D        E       F      G
               +--------+--------+--------+--------+--------+-----+--------+
         Total |   1133 |   1078 |     55 |      0 |    725 |   2 |  566.5 |
       Dungeon |   1133 |   1078 |     55 |      0 |    725 |   2 |  566.5 |
               +--------+--------+--------+--------+--------+-----+--------+

Top non-repeatable levels by time:
     D:1: 894 daAuts
     D:2: 238 daAuts
